 Dungeon Crawl Stone Soup version 0.17-a0-1-g1f4be75 (webtiles) character file.

118 timbw the Caller (level 4, 18/18 HPs)
             Began as a Felid Summoner on Mar 5, 2015.
             Quit the game on level 7 of the Dungeon.
             The game lasted 00:08:52 (1442 turns).

timbw the Caller (Felid Summoner)                   Turns: 1442, Time: 00:08:52

Health: 18/18      AC:  1    Str:  4    XL:     4   Next: 72%
Magic:  10/10      EV: 18    Int: 17    God:
Gold:   116        SH:  0    Dex: 17    Spells: 3 memorised, 1 level left
                                        Lives:  0   Deaths: 1

rFire  . . .     SeeInvis +     (weapon unavailable)
rCold  . . .     Clarity  .     (armour unavailable)
rNeg   . . .     SustAb   .     (shield unavailable)
rPois  .         Gourm    .     (helmet unavailable)
rElec  .         Spirit   .     (cloak unavailable)
rCorr  .         Warding  .     (gloves unavailable)
rMut   .         Stasis   .     (boots unavailable)
MR     .....                    (no amulet)
Stlth  +++.......               (no ring)
                                (no ring)

@: quick, not resistant to hostile enchantments, fairly stealthy
A: paw claws, no armour, no weapons or thrown items, fangs 3, see invisible,
carnivore 3, speed 1, shaggy fur 1, slow metabolism 1, sharp paws
a: no special abilities


You were on level 7 of the Dungeon.
You were not hungry.

You visited 1 branch of the dungeon, and saw 7 of its levels.

You collected 116 gold pieces.

Inventory:

Magical devices
 f - a wand of fireball (4)
Scrolls
 d - a scroll of identify
 e - a scroll of random uselessness
Potions
 a - a potion of experience {unknown}
 h - a potion of ambrosia
 i - a potion of brilliance
 j - a potion of curing {unknown}
Books
 b - a book of Callings

   Spells                             Type                      Level
   a - Summon Small Mammal            Summoning                    1
   b - Call Imp                       Summoning                    2
   c - Call Canine Familiar           Summoning                    3
   d - Summon Guardian Golem          Hexes/Summoning              4
   e - Summon Lightning Spire         Summoning/Air                4
   f - Summon Ice Beast               Ice/Summoning                4
Comestibles
 c - a meat ration
 k - a slice of pizza


   Skills:
 - Level 2.6 Dodging
 - Level 2.6 Stealth
 - Level 2.0 Spellcasting
 + Level 7.1 Summonings


You had one spell level left.
You knew the following spells:

 Your Spells              Type           Power        Failure   Level  Hunger
a - Summon Small Mammal   Summ           ####         1%          1    #......
b - Call Imp              Summ           ####....     1%          2    ###....
c - Call Canine Familiar  Summ           ####....     3%          3    ###....


Dungeon Overview and Level Annotations

Branches:
Dungeon (7/15)
 Temple: D:4-7

Altars:
Ashenzari
Vehumet

Annotations:
D:4 Eustachio
D:6 Ijyb


Innate Abilities, Weirdness & Mutations

You cannot wear armour.
You are incapable of wielding weapons or throwing items.
You have razor-sharp teeth.
You have supernaturally acute eyesight.
You are carnivorous and can eat meat at any time.
You cover ground quickly.
You are covered in fur (AC +1).
You have a slow metabolism.
Your paws have sharp claws that are effective at stabbing.


Message History

The arrow hits your shadow imp!
Your shadow imp dies!
Your hound closely misses the centaur.
The centaur shoots an arrow.
The arrow completely misses you.
Your magical contamination has completely faded away.
There is an open door here.
Drink which item? (? for menu, Esc to quit)
Okay, then.
What do you say? t - Meow!
Orders for allies: a - Attack new target. r - Retreat! s - Stop attacking. w - Wait here. f - Follow me.
Anything else - Stay silent.
Wait here!
The centaur shoots an arrow.
The arrow misses your hound. The arrow hits you!
You die...
You are now level 4!
You rejoin the land of the living...
Are you sure you want to abandon this character and quit the game? (Confirm with "yes".)

########### ######
..........#####....#
..........#...+.@..#
..........#...#....#
.....<....'...#....#
..........#...#....#
..........#...#....# .
######....#...'....####..
#....+...#...........
#....#...#...........
#....##+##...........


There were no monsters in sight!

Vanquished Creatures
  A ball python (D:2)
  A bat (D:1)
  2 giant cockroaches
  2 kobolds
  A rat (D:7)
7 creatures vanquished.

Vanquished Creatures (collateral kills)
  A big kobold (D:7)
  A centaur (D:7)
  A giant frog (D:7)
  2 hounds (D:7)
  A worker ant (D:7)
  3 adders
  A worm (D:2)
  3 giant geckos
  An ooze (D:1)
  An orc (D:7)
  4 jackals (D:7)
  7 kobolds
  2 giant newts
  3 goblins
  4 rats
35 creatures vanquished.

Vanquished Creatures (others)
  3 crimson imps
  6 hounds
  2 shadow imps
  A white imp (D:2)
  2 bats (D:1)
  A quokka (D:7)
  3 rats (D:1)
18 creatures vanquished.

Grand Total: 60 creatures vanquished

Notes
Turn   | Place    | Note
--------------------------------------------------------------
     0 | D:1      | timbw, the Felid Summoner, began the quest for the Orb.
     0 | D:1      | Reached XP level 1. HP: 7/7 MP: 4/4
   331 | D:1      | Reached XP level 2. HP: 9/11 MP: 3/5
   341 | D:1      | Learned a level 2 spell: Call Imp
   342 | D:1      | You fall through a shaft!
   513 | D:2      | Reached skill level 5 in Summonings
   526 | D:2      | Reached XP level 3. HP: 5/14 MP: 1/8
   566 | D:2      | Learned a level 3 spell: Call Canine Familiar
   583 | D:2      | Found a radiant altar of Vehumet.
   637 | D:4      | Noticed Eustachio
   682 | D:5      | Entered Level 5 of the Dungeon
   682 | D:5      | Noticed a phantom
   701 | D:5      | Noticed an ogre
   849 | D:7      | Noticed a centaur
   994 | D:7      | Found a shattered altar of Ashenzari.
  1141 | D:6      | Noticed Ijyb
  1142 | D:6      | Noticed a hippogriff
  1200 | D:7      | Noticed a big kobold
  1230 | D:7      | Killed a big kobold
  1230 | D:7      | Reached skill level 6 in Summonings
  1230 | D:7      | Reached XP level 4. HP: 6/18 MP: 1/10
  1264 | D:7      | Noticed a giant frog
  1273 | D:7      | Killed a giant frog
  1273 | D:7      | Reached XP level 5. HP: 9/21 MP: 0/12
  1409 | D:7      | Noticed a centaur
  1423 | D:7      | Killed a centaur
  1423 | D:7      | Reached skill level 7 in Summonings
  1441 | D:7      | Shot with an arrow by a centaur
  1442 | D:7      | Reached XP level 4. HP: -7/18 MP: 0/10
  1442 | D:7      | Quit the game

Action                   |  1- 3 |  4- 6 || total
-------------------------+-------+-------++-------
Melee: Unarmed           |    23 |     8 ||    31
 Cast: Summon Small Mamm |    15 |     2 ||    17
       Call Imp          |    20 |     2 ||    22
       Call Canine Famil |     9 |     5 ||    14
  Use: Scroll            |     5 |     1 ||     6
       Potion            |       |     1 ||     1
 Stab: Sleeping          |     3 |     1 ||     4
  Eat: Chunk             |     8 |       ||     8
